 Dungeon Crawl Stone Soup version 0.32-a0-953-g508020473e (webtiles) character file.

Game seed: 16916738444151040577

94 Autsider the Sneak (level 4, 0/23 HPs)
             Began as a Vine Stalker Enchanter on Apr 17, 2024.
             Splashed by a jelly's acid (6 damage)
             ... on level 3 of the Dungeon.
             The game lasted 00:03:15 (1737 turns).

Autsider the Sneak (Vine Stalker Enchanter)         Turns: 1737, Time: 00:03:16

Health: 0/23       AC: -9    Str: 10    XL:     4   Next: 63%
Magic:  0/8        EV: 10    Int: 15    God:
Gold:   137        SH:  0    Dex: 17    Spells: 7/7 levels left

rFire   . . .        o - +2 dagger (speed)
rCold   . . .        (no shield)
rNeg    . . .        k - +0 leather armour
rPois   .            (no helmet)
rElec   .            (no cloak)
rCorr   .            (no gloves)
SInv    .            (no boots)
Will    .....        (no amulet)
Stlth   +++          p - ring of flight
HPRegen 1.03/turn    (no ring)
MPRegen 0.11/turn

%: guardian spirit
@: corroded, flying
A: fangs 2, regeneration 1, magic shield, antimagic bite, no potion heal 2
a: no special abilities


You were on level 3 of the Dungeon.
You visited 1 branch of the dungeon, and saw 3 of its levels.

You collected 137 gold pieces.

Inventory:

Hand Weapons
 a - a +1 dagger
 l - a +0 rapier
 o - a +2 dagger of speed (weapon)
Missiles
 f - 2 throwing nets (quivered)
Armour
 k - a +0 leather armour (worn)
Jewellery
 p - a ring of flight (left hand)
Scrolls
 b - a scroll of enchant weapon {unknown}
 d - a scroll of teleportation {unknown}
 g - 2 scrolls of identify {unknown}
 h - a scroll of enchant armour {unknown}
 i - 2 scrolls of amnesia {unknown}
 m - 2 scrolls of noise {unknown}
Potions
 c - 3 potions of invisibility
 e - a potion of attraction {unknown}
 j - 2 potions of heal wounds {unknown}
 n - a potion of enlightenment {unknown}


   Skills:
 + Level 2.3 Fighting
 + Level 2.6 Short Blades
 - Level 1.5 Dodging
 - Level 4.0 Stealth
 - Level 2.1 Spellcasting
 - Level 3.0 Hexes


You had 7 spell levels left.
You didn't know any spells.
Your spell library contained the following spells:

 Spells                   Type           Power      Damage    Failure   Level
 Ensorcelled Hibernation  Hex/Ice        12%        N/A       24%         2
 Confusing Touch          Hex            10%        N/A       26%         3
 Tukima's Dance           Hex            10%        N/A       26%         3
 Dazzling Flash           Conj/Hex       12%        N/A       43%         3


Dungeon Overview and Level Annotations

Branches:
Dungeon (3/15)

Altars:


Innate Abilities, Weirdness & Mutations

You have extremely sharp teeth.
Your natural rate of healing is unusually fast.
When hurt, damage is shared between your health and your magic reserves.
Your bite disrupts and absorbs the magic of your enemies.
Potions cannot restore your health.


Message History

The jelly hits you. The acid corrodes you!
You are splashed with acid!
You are too injured to fight recklessly!
You are too injured to fight recklessly!
You are too injured to fight recklessly!
You are too injured to fight recklessly!
You are too injured to fight recklessly!
You are too injured to fight recklessly!
You are too injured to fight recklessly!
You are too injured to fight recklessly!
You are too injured to fight recklessly!
You are too injured to fight recklessly!
You are too injured to fight recklessly!
You are too injured to fight recklessly!
You are too injured to fight recklessly!
You are too injured to fight recklessly!
You are too injured to fight recklessly!
You hit the jelly.
Your hands burn!
* * * LOW HITPOINT WARNING * * *
You bite the jelly, but do no damage.
The jelly is moderately wounded.
You barely miss the jelly. You bite the jelly, but do no damage.
The jelly is moderately wounded.
The jelly closely misses you.
You hit the jelly but do no damage.
Your hands burn!
* * * LOW HITPOINT WARNING * * *
You bite the jelly. You drain its power.
You feel invigorated.
The jelly is moderately wounded.
The bat hits you.
* * * LOW HITPOINT WARNING * * *
The bat hits you.
* * * LOW HITPOINT WARNING * * *
The jelly attacks as it pursues you! The jelly hits you.
* * * LOW HITPOINT WARNING * * *
The acid corrodes you!
You are splashed with acid!
* * * LOW HITPOINT WARNING * * *
The jelly attacks as it pursues you! The jelly misses you. The bat hits you.
The jelly attacks as it pursues you! The jelly hits you.
* * * LOW HITPOINT WARNING * * *
The acid corrodes you!
You are splashed with acid!
You die...

.##......# §§§#.#§ ....
.##..#...# §§§#.#§§ ....
.##....### §§#.#§§ .....
.##......######.##### .....
.........#.#........#......
.......#.#.....+....#......
.......#.#.....#...........
......##.#...).#..†...[....
............<†.†@b.....>###
.......#.######..J..###.#
#......#.# #...<.# #
#..###.#.# ##?.)....
#......#.. ....!.##
..######## .#.....# ###
>.#.###.# # ## #.. .# #


You could see a jelly and a bat.

Vanquished Creatures
  A hound (D:3)
  An adder (D:3)
  A ribbon worm (D:2)
  A dart slug (D:2)
  4 ball pythons
  A bat (D:3)
  11 endoplasms
  A giant cockroach (D:1)
  5 hobgoblins
  3 jackals (D:3)
  A quokka (D:1)
  A frilled lizard (D:1)
  5 goblins
  2 kobolds
  5 rats
43 creatures vanquished.

Notes
Turn   | Place    | Note
-------+----------+-------------------------------------------
     0 | D:1      | Autsider the Vine Stalker Enchanter began the quest for the
                  | Orb.
     0 | D:1      | Reached XP level 1. HP: 9/9 MP: 4/4
    34 | D:1      | Reached skill level 1 in Short Blades
   105 | D:1      | Reached XP level 2. HP: 14/14 MP: 6/6
   334 | D:1      | Reached skill level 4 in Stealth
   400 | D:1      | Reached skill level 1 in Fighting
   900 | D:2      | Found a faded altar of an unknown god.
   911 | D:2      | Reached XP level 3. HP: 15/18 MP: 4/7
  1534 | D:3      | Reached XP level 4. HP: 20/23 MP: 5/8
  1737 | D:3      | Splashed by a jelly's acid

Illustrated notes

Levels and vault maps discovered:
D:1:      dpeg_arrival_tiny_j, layout_basic,
          nicolae_concentric_dashed_squares_mild
D:2:      layout_loops_ring, hellmonk_ecumenical_altar_run_dry
D:3:      layout_basic, nicolae_qazlal_eye_of_the_storm,
          nzn_wu_jian_council_hall

Skill      XL: |  1  2  3 |
---------------+----------+-----
Short Blades   | 1 2 |  2.6
Stealth        | 4 |  4.0
Fighting       | 1 2 |  2.3
Dodging        | |  1.5
Spellcasting   | |  2.1
Hexes          | |  3.0

Action                     |  1- 3 |  4- 6 || total
---------------------------+-------+-------++-------
  Melee: Dagger            |    93 |    34 ||   127
         Bite              |    30 |    12 ||    42
   Stab: Sleeping          |     7 |       ||     7
 Armour: Robe              |    22 |       ||    22
         Leather armour    |    13 |    15 ||    28
  Dodge: Dodged            |    41 |    17 ||    58

Table legend: (Time is in decaauts)
 A = Elapsed time spent in this place.
 B = Non-inter-level travel time spent in this place.
 C = Inter-level travel time spent in this place.
 D = Time resting spent in this place.
 E = Time spent auto-exploring this place.
 F = Levels seen in this place.
 G = Mean time per level.
                   A        B        C        D        E       F      G
               +--------+--------+--------+--------+--------+-----+--------+
         Total |   1708 |   1603 |    105 |      0 |   1254 |   3 |  569.3 |
       Dungeon |   1708 |   1603 |    105 |      0 |   1254 |   3 |  569.3 |
               +--------+--------+--------+--------+--------+-----+--------+

Top non-repeatable levels by time:
     D:1: 828 daAuts
     D:2: 650 daAuts
     D:3: 229 daAuts
